 Dungeon Crawl Stone Soup version 0.31.0-9-g3a7656b989 (console) character file.

Game seed: 18149767709014062423

1495 AlterAsc the Grappler (level 8, 0/43 (48) HPs)
             Began as an Octopode Shapeshifter on Feb 1, 2024.
             Was a Follower of the Shining One.
             Slain by Edmund
             ... wielding a +3 flail of draining
              (6 damage)
             ... on level 5 of the Dungeon.
             The game lasted 00:09:08 (4951 turns).

AlterAsc the Grappler (Octopode Shapeshifter)       Turns: 4951, Time: 00:09:09

HP:   0/43 (48)     AC:  1    Str: 15    XL:     8   Next: 81%
MP:   8/8           EV: 13    Int: 12    God:    the Shining One [*.....]
Gold: 282           SH:  0    Dex: 12    Spells: 7/7 levels left

rFire   . .          .
                       - Unarmed
rCold   . . .        (no shield)
rNeg    . . .        (helmet currently unavailable)
rPois   .            (no amulet)
rElec   .            k - ring of resist corrosion
rCorr   +            f - ring of wizardry
SInv    .            (no ring)
Will    .....        (no ring)
Stlth   +            (no ring)
HPRegen 0.27/turn    (no ring)
MPRegen 0.11/turn    (no ring)
                     (no ring)

%: wizardry (x1)
@: beast-form, glowing, heavily drained
A: beast (slay +3), almost no armour, amphibious, 8 rings, camouflage 1,
gelatinous body 1, (nimble swimmer 1), tentacles
a: Begin Untransformation, Renounce Religion, Divine Shield


You were on level 5 of the Dungeon.
You worshipped the Shining One.
The Shining One was aware of your devotion.
You were a hulking beast.
You visited 1 branch of the dungeon, and saw 5 of its levels.

You collected 282 gold pieces.

Inventory:

Missiles
 a - 3 throwing nets
 i - 10 poisoned darts (quivered)
Jewellery
 f - a ring of wizardry (right tentacle)
 k - a ring of resist corrosion (left tentacle)
 o - a ring of ice
Talismans
 b - a beast talisman
 c - a flux talisman
 x - the serpent talisman of Enixtau {rC- rN++ Int+5}
   (You found it on level 4 of the Dungeon)

   [serpent talisman]

   Int+5:     It affects your intelligence (+5).
   rC-:       It makes you vulnerable to cold.
   rN++:      It greatly protects you from negative energy.
Wands
 y - a wand of paralysis (10)
 z - a wand of polymorph (26)
Scrolls
 g - 3 scrolls of fog {unknown}
 h - a scroll of immolation {unknown}
 l - a scroll of torment {unknown}
 m - 3 scrolls of identify {unknown}
 n - 2 scrolls of teleportation {unknown}
 r - a scroll of blinking {unknown}
 s - 2 scrolls of fear {unknown}
 t - 4 scrolls of enchant weapon {unknown}
 v - a scroll of silence {unknown}
 A - a scroll of revelation {unknown}
 B - a scroll of amnesia {unknown}
Potions
 d - 3 potions of heal wounds {unknown}
 e - a potion of ambrosia {unknown}
 j - a potion of berserk rage {unknown}
 p - 4 potions of curing {unknown}
 q - a potion of magic {unknown}
 u - 2 potions of brilliance {unknown}
 w - a potion of enlightenment {unknown}


   Skills:
 - Level 1.0 Fighting
 - Level 2.0 Dodging
 - Level 9.0 Unarmed Combat
 + Level 6.7 Shapeshifting


You had 7 spell levels left.
You didn't know any spells.
Your spell library contained the following spells:

 Spells                   Type           Power      Damage    Failure   Level
 Freeze                   Ice            0%         1d3       13%         1
 Dazzling Flash           Conj/Hex       0%         N/A       36%         3
 Frozen Ramparts          Ice            0%         1d1       36%         3
 Hailstorm                Conj/Ice       0%         3d5       36%         3
 Tukima's Dance           Hex            0%         N/A       36%         3
 Volatile Blastmotes      Fire/Tloc      0%         2d10      36%         3
 Dimensional Bullseye     Hex/Tloc       0%         N/A       75%         4
 Iskenderun's Mystic Bla  Conj/Tloc      0%         2d3       75%         4
 Starburst                Conj/Fire      0%         6d3       100%        6
 Maxwell's Capacitive Co  Air            0%         ∞         100%        8


Dungeon Overview and Level Annotations

Branches:
Dungeon (5/15)
 Temple: D:4-7

Altars:
Elyvilon
Makhleb
Nemelex Xobeh
Vehumet
Wu Jian
The Shining One

Shops:
D:1 *

Annotations:
D:5 Edmund


Innate Abilities, Weirdness & Mutations

You are a hulking beast.
Your limbs bulge with bestial killing power. (Slay +3)
You cannot wear most types of armour.
You are amphibious.
You can wear up to eight rings at the same time.
Your skin changes colour to match your surroundings (Stealth+).
Your rubbery body absorbs attacks. (AC +1, EV +1)
((You are camouflaged when in or above water. (Stealth+)))
You have tentacles for arms and can constrict up to eight enemies at once.


Message History

The bombardier beetle misses you.
You bludgeon the bombardier beetle!
You tentacle-slap the bombardier beetle, but do no damage.
You squeeze the bombardier beetle, but do no damage.
The bombardier beetle is almost dead.
You constrict the bombardier beetle.
You kill the bombardier beetle!
No target in view!
You see here a bombardier beetle corpse.
Edmund the Younger comes into view.
He is wielding a +3 flail of draining.
No target in view!
No target in view!
You see here a +0 leather armour.
You tentacle-slap Edmund but do no damage.
You grab Edmund. You constrict Edmund.
Edmund hits you with a +3 flail of draining.
You feel drained.
You tentacle-slap Edmund but do no damage.
You squeeze Edmund.
Edmund is moderately wounded.
You constrict Edmund, but do no damage.
Edmund hits you with a +3 flail of draining!
You feel drained.
You bludgeon Edmund! You squeeze Edmund, but do no damage.
Edmund is moderately wounded.
You constrict Edmund.
Edmund hits you with a +3 flail of draining!
* * * LOW HITPOINT WARNING * * *
You feel drained.
* * * LOW HITPOINT WARNING * * *
You are too injured to fight recklessly!
Press: ? - help, v - describe, . - travel
Here: Edmund, wielding a +3 flail of draining and wearing a +0 ring mail (heavily wounded, constricted by you, haloed)
The floor, spattered with blood.
You bludgeon Edmund! You squeeze Edmund!
Edmund is almost dead.
You constrict Edmund.
Edmund hits you with a +3 flail of draining.
You die...
Edmund says, "I'd like to see a scythe do that!"

...........#........##
......#...##.....#..####
..#...##..##.....#.##..#
..#......)....#..#.....#
.##..............####..##
.#............#..###....#
..............#.........#
###.####.....#.........##
#....###..........###.....#
#.....#.............##.....#
......#........[h@...#.#..##
........#.......#...#######
.#....###.......##.##
.###.## ##.....## ##
##....## #.....#
.......####...##
.........#...##
.........##.## .........##.#
>.........### ......#....#


You could see Edmund.

Vanquished Creatures
  Prince Ribbit (D:5)
  Eustachio (D:4)
  An ice beast (D:5)
  An orc warrior (D:5)
  2 ogres
  Blork the orc (D:5)
  3 scorpions
  3 bombardier beetles
  A jelly (D:5)
  An orc priest (D:3)
  3 hounds
  2 iguanas
  2 orc wizards
  7 gnolls
  4 adders
  A white imp (D:5)
  4 dart slugs
  2 ribbon worms (D:2)
  14 orcs
  5 bats
  5 endoplasms
  5 giant cockroaches
  9 hobgoblins
  8 jackals
  8 kobolds
  4 quokkas
  8 ball pythons
  A frilled lizard (D:2)
  6 rats
113 creatures vanquished.

Notes
Turn   | Place    | Note
-------+----------+-------------------------------------------
     0 | D:1      | AlterAsc the Octopode Shapeshifter began the quest for the
                  | Orb.
     0 | D:1      | Reached XP level 1. HP: 13/13 MP: 1/1
    85 | D:1      | Reached XP level 2. HP: 11/18 MP: 2/2
   498 | D:1      | Reached skill level 4 in Unarmed Combat
   798 | D:1      | Found Romihoo's General Store.
   808 | D:1      | Reached XP level 3. HP: 22/23 MP: 3/3
   906 | D:1      | Found a faded altar of an unknown god.
  1821 | D:3      | Found a glowing golden altar of the Shining One.
  1824 | D:3      | Became a worshipper of the Shining One
  1833 | D:3      | Reached XP level 4. HP: 23/28 MP: 4/4
  1889 | D:3      | Reached skill level 5 in Unarmed Combat
  1890 | D:3      | Reached XP level 5. HP: 21/33 MP: 5/5
  2066 | D:3      | Reached skill level 6 in Unarmed Combat
  2564 | D:3      | Reached XP level 6. HP: 38/38 MP: 6/6
  2772 | D:4      | Found a white marble altar of Elyvilon.
  2781 | D:4      | Reached skill level 7 in Unarmed Combat
  3001 | D:4      | Found a sparkling altar of Nemelex Xobeh.
  3190 | D:4      | Reached XP level 7. HP: 43/43 MP: 7/7
  3324 | D:4      | Noticed Eustachio
  3324 | D:4      | Reached * piety under the Shining One
  3334 | D:4      | Killed Eustachio
  3335 | D:4      | Reached skill level 8 in Unarmed Combat
  3483 | D:4      | Identified the serpent talisman of Enixtau {rC- rN++ Int+5}
  3712 | D:4      | Found an ornate altar of the Wu Jian Council.
  3859 | D:5      | Entered Level 5 of the Dungeon
  3859 | D:5      | Noticed Blork the orc
  3864 | D:5      | Killed Blork the orc
  4067 | D:5      | Reached skill level 9 in Unarmed Combat
  4067 | D:5      | Reached XP level 8. HP: 44/48 MP: 8/8
  4232 | D:5      | Found a burning altar of Makhleb.
  4350 | D:5      | Found a radiant altar of Vehumet.
  4399 | D:5      | Reached skill level 5 in Shapeshifting
  4580 | D:5      | Noticed Prince Ribbit
  4586 | D:5      | Killed Prince Ribbit
  4944 | D:5      | Noticed Edmund
  4951 | D:5      | Slain by Edmund

Illustrated notes

Levels and vault maps discovered:
D:1:      evilmike_arrival_hilbert_curve, layout_basic, serial_shops, shop,
          chequers_ecumenical_altar_simple_redux
D:2:      minmay_wonky_spiral, layout_loops_ring, serial_park_tiny_2
D:3:      layout_basic, tso_oasis_becter
D:4:      layout_loops_ring, mainiacjoe_overflow_small_starburst,
          nicolae_elyvilon_peaceful_grove, nemelex_diamond_rough_becter,
          uniq_eustachio
D:5:      layout_cave_pools, kennysheep_mini_moat, makhleb_heckhound_becter,
          uniq_edmund, uniq_blork_the_orc, uniq_prince_ribbit1

Skill      XL: |  1  2  3  4  5  6  7  8 |
---------------+-------------------------+-----
Unarmed Combat | 4 5 6 7 9 |  9.0
Shapeshifting  | 4 6 |  6.7
Fighting       | |  1.0
Dodging        | |  2.0

Action                     |  1- 3 |  4- 6 |  7- 9 || total
---------------------------+-------+-------+-------++-------
  Melee: Unarmed           |    83 |    68 |    78 ||   229
         Constrict         |    19 |    12 |    22 ||    53
         Tentacles         |    10 |    14 |    22 ||    46
         Punch             |       |     3 |     6 ||     9
  Throw: Dart              |       |     7 |     6 ||    13
    Use: Potion            |       |     1 |       ||     1
   Stab: Sleeping          |    12 |       |       ||    12
 Armour: Skin              |    25 |    25 |    39 ||    89
  Dodge: Dodged            |    45 |    33 |    32 ||   110
